 Dungeon Crawl Stone Soup version 0.23.2-33-g5129a83 (webtiles) character file.

Game seed: 3503341556127317692

84 Fortress the Magician (level 4, -3/39 HPs)
             Began as a Troll Air Elementalist on July 3, 2019.
             Slain by a gnoll
             ... wielding a +0 halberd
              (15 damage)
             ... on level 3 of the Dungeon.
             The game lasted 00:12:48 (2476 turns).

Fortress the Magician (Troll Air Elementalist)      Turns: 2476, Time: 00:12:49

Health: -3/39      AC:  6    Str: 17    XL:     4   Next: 23%
Magic:  4/6        EV: 10    Int: 11    God:
Gold:   188        SH:  0    Dex: 10    Spells: 7/8 levels left

rFire    . . .     SeeInvis .   h - +0 hand axe
rCold    . . .     Gourm    +   (no shield)
rNeg     . . .     Faith    .   a - +0 robe
rPois    .         Spirit   .   (helmet restricted)
rElec    .         Reflect  .   (no cloak)
rCorr    .         Harm     .   (gloves unavailable)
MR       .....                  (boots unavailable)
Stlth    +.........             (no amulet)
HPRegen  0.53/turn              (no ring)
MPRegen  0.10/turn              (no ring)

@: very slightly contaminated
A: large, unfitting armour, claws 3, fast metabolism 3, gourmand, regeneration
1, shaggy fur 1, tough skin 3
a: no special abilities


You were on level 3 of the Dungeon.
You were hungry.

You visited 1 branch of the dungeon, and saw 4 of its levels.

You collected 188 gold pieces.

Inventory:

Hand Weapons
 h - a +0 hand axe (weapon)
Missiles
 b - 3 curare-tipped needles
Armour
 a - a +0 robe (worn)
Scrolls
 d - 2 scrolls of amnesia {unknown}
 e - a scroll of random uselessness {unknown}
 f - 5 scrolls of identify
 g - 2 scrolls of magic mapping {unknown}
 i - a scroll of teleportation {unknown}
 j - 4 scrolls of remove curse
Potions
 k - a potion of degeneration {unknown}
 l - a potion of lignification {unknown}
 m - a potion of curing
Comestibles
 c - 6 rations


   Skills:
   Level 0.1 Short Blades
 + Level 0.1 Axes
 - Level 1.6 Dodging
 - Level 1.0 Stealth
 - Level 0.3 Unarmed Combat
 * Level 2.5 Spellcasting
 - Level 0.6 Conjurations
 - Level 2.1 Air Magic


You had 7 spell levels left.
You knew the following spells:

 Your Spells              Type           Power        Failure   Level  Hunger
a - Shock                 Conj/Air       #...         16%         1    ##.....

Your spell library contained the following spells:

 Spells                   Type           Power        Failure   Level  Hunger
 Swiftness                Chrm/Air       #.......     26%         2    ###....
 Static Discharge         Conj/Air       #.......     43%         3    ####...
 Airstrike                Air            #.........   75%         4    #####..
 Lightning Bolt           Conj/Air       #.........   99%         5    ######.


Dungeon Overview and Level Annotations

Branches:
Dungeon (4/15)
 Temple: D:4-7

Altars:


Innate Abilities, Weirdness & Mutations

You are too large for most types of armour.
You have claws for hands.
Your metabolism is lightning-fast.
You like to eat raw meat.
Your natural rate of healing is unusually fast.
You are covered in fur. (AC +1)
You have extremely tough skin. (AC +3)


Message History

The gnoll is severely wounded.
The gnoll hits you with a +0 halberd!
* * * LOW HITPOINT WARNING * * *
Casting: Shock (safe; 16% risk of failure)
Confirm with . or Enter, or press ? or * to list all spells.
Aiming: Shock (safe; 16% risk of failure)
Press: ? - help, Shift-Dir - straight line, f - gnoll
Aim: a gnoll, wielding a +0 halberd (severely wounded)
You miscast Shock.
You are very lightly contaminated with residual magic.
Nothing appears to happen.
The gnoll closely misses you.
Casting: Shock (safe; 16% risk of failure)
Confirm with . or Enter, or press ? or * to list all spells.
Aiming: Shock (safe; 16% risk of failure)
Press: ? - help, Shift-Dir - straight line, f/p - gnoll
Aim: a gnoll, wielding a +0 halberd (severely wounded)
The zap hits the gnoll.
The gnoll is almost dead.
The gnoll hits you with a +0 halberd!
You die...

..........................#..#.#
.............................#.#
..........................####.##
.............................#...
..........................##.####
..........................##.# #
.....................))...##.# #
..........................##.# #
................@g........##.# #
................<.........##.# #
..........................##.# #
..........................##.# #
#####.#########.############.# #
.........#....#.# #.####
#####<##.#.##.#.# #.....
#.##.#....#.# #########
#.##.####.#.# #........


You could see a gnoll.

Vanquished Creatures
  An adder (D:2)
  An ooze (D:3)
  An adder skeleton (D:3)
  A dart slug (D:2)
  2 leopard geckos (D:2)
  7 orcs
  A ball python (D:3)
  7 bats
  4 giant cockroaches
  5 goblins
  5 hobgoblins
  4 jackals
  A quokka (D:2)
  2 frilled lizards
  6 kobolds
  5 rats
53 creatures vanquished.

Notes
Turn   | Place    | Note
-------+----------+-------------------------------------------
     0 | D:1      | Fortress the Troll Air Elementalist began the quest for the
                  | Orb.
     0 | D:1      | Reached XP level 1. HP: 16/16 MP: 1/1
   167 | D:1      | Reached XP level 2. HP: 21/24 MP: 0/3
   799 | D:2      | Reached XP level 3. HP: 19/31 MP: 0/5
  2116 | D:3      | Reached XP level 4. HP: 39/39 MP: 4/6
  2476 | D:3      | Slain by a gnoll

Skill      XL: |  1  2 |
---------------+-------+-----
Spellcasting   | 2 |  2.5
Short Blades   | |  0.1
Axes           | |  0.1
Dodging        | |  1.6
Stealth        | |  1.0
Unarmed Combat | |  0.3
Conjurations   | |  0.6
Air Magic      | |  2.1

Action                   |  1- 3 |  4- 6 || total
-------------------------+-------+-------++-------
Melee: Unarmed           |    47 |       ||    47
       Dagger            |   109 |       ||   109
       Hand axe          |    12 |    24 ||    36
 Cast: Shock             |    53 |    15 ||    68
  Use: Potion            |     4 |       ||     4
       Scroll            |     1 |       ||     1
  Eat: Chunk             |    11 |     4 ||    15
       Ration            |     2 |       ||     2
Armor: Robe              |    90 |     5 ||    95
Dodge: Dodged            |   120 |    10 ||   130
